 Dungeon Sprint DCSS version 0.20-a0-251-g16a58bf (webtiles) character file.

2 Dfrag the Conjurer (level 1, -5/15 HPs)
             Began as a Naga Conjurer on Nov 30, 2016.
             Was an Initiate of Vehumet.
             Slain by an orc knight
             ... wielding a +0 bardiche
              (14 damage)
             ... in the Dungeon (Sprint V: "Ziggurat Sprint").
             The game lasted 00:02:17 (179 turns).

Dfrag the Conjurer (Naga Conjurer)                   Turns: 179, Time: 00:02:17

Health: -5/15      AC: 20    Str: 10    XL:     1   Next: 30%
Magic:  3/3        EV: -8    Int: 27    God:    Vehumet [......]
Gold:   0          SH: 24    Dex: 11    Spells: 3/4 levels left

rFire  . . .     SeeInvis +     n - +6 shillelagh "Devastator" {shatter}
rCold  . . .     Gourm    .     j - +15 Maxwell's patent armour {-Cast -Tele rElec MR+ rCorr}
rNeg   + . .     Faith    .     k - +18 shield of the Gong {rElec rN+ MR+ EV-5}
rPois  +         Spirit   .     (no helmet)
rElec  +         Reflect  .     (no cloak)
rCorr  +         Harm     .     (no gloves)
MR     ++...     NoTele   +     (no barding)
Stlth  .......... NoCast   +    (no amulet)
                                r - +6 ring of intelligence
                                s - +6 ring of intelligence

@: very slow
A: see invisible, deformed body, poison resistance, slowness 2, slow metabolism
1, spit poison 1, AC +0
a: Spit Poison, Renounce Religion


You were in the Dungeon.
You worshipped Vehumet.
Vehumet was noncommittal.
You were not hungry.

You visited 1 branch

Inventory:

Hand Weapons
 l - the +7 great mace "Firestarter" {inner flame, rF++}
   (You found it in the Dungeon)

   It has been specially enchanted to burn those struck by it, causing extra
   injury to most foes and up to half again as much damage against particularly
   susceptible opponents.
   It greatly protects you from fire.
 m - the +14 plutonium sword {*Contam Stlth-}
   (You found it in the Dungeon)

   It causes magical contamination when unequipped.
   It makes you less stealthy.
 n - the +6 shillelagh "Devastator" (weapon) {shatter}
   (You found it in the Dungeon)
Armour
 a - a +0 robe
 j - the +15 Maxwell's patent armour (worn) {-Cast -Tele rElec MR+ rCorr}
   (You found it in the Dungeon)

   It insulates you from electricity.
   It affects your resistance to hostile enchantments.
   It prevents spellcasting.
   It prevents most forms of teleportation.
   It protects you from acid and corrosion.
 k - the +18 shield of the Gong (worn) {rElec rN+ MR+ EV-5}
   (You found it in the Dungeon)

   It affects your evasion (-5).
   It insulates you from electricity.
   It protects you from negative energy.
   It affects your resistance to hostile enchantments.
 Q - +5 gold dragon scales
Magical Staves
 A - an uncursed staff of energy
Jewellery
 p - a +6 ring of dexterity
 q - a +6 ring of dexterity
 r - a +6 ring of intelligence (right hand)
 s - a +6 ring of intelligence (left hand)
 t - a +6 ring of strength
 u - a +6 ring of strength
 v - an uncursed ring of flight
 S - the ring "Vuehyts" {rCorr +Inv rElec MR++ Int-2}
   (You found it in the Dungeon)

   [ring of resist corrosion]

   It affects your intelligence (-2).
   It insulates you from electricity.
   It affects your resistance to hostile enchantments.
   It lets you turn invisible.
Wands
 w - a wand of disintegration (7/24)
 x - a wand of iceblast (5/15)
 y - a wand of lightning (5/15)
 z - a wand of acid (5/15)
Scrolls
 i - 4 scrolls of blinking
 H - 4 scrolls of amnesia
 I - 3 scrolls of recharging
 J - 7 scrolls of fog
 K - a scroll of holy word
 L - 5 scrolls of identify
 M - 5 scrolls of remove curse
 N - 2 scrolls of fear
Potions
 d - 10 potions of curing
 e - 10 potions of heal wounds
 f - 6 potions of haste
 g - 7 potions of magic
 h - 3 potions of berserk rage
 B - 2 potions of brilliance
 C - 2 potions of invisibility
 D - 4 potions of resistance
 E - a potion of experience
 F - 5 potions of agility
 G - 5 potions of might
Books
 b - a book of Conjurations

   Spells                             Type                      Level
   a - Magic Dart                     Conjuration                  1
   b - Searing Ray                    Conjuration                  2
   c - Dazzling Spray                 Conjuration/Hexes            3
   d - Fulminant Prism                Conjuration/Hexes            4
   e - Iskenderun's Mystic Blast      Conjuration                  4
   f - Iskenderun's Battlesphere      Conjuration/Charms           5
Miscellaneous
 o - a disc of storms
 R - a crystal ball of energy
Comestibles
 c - 5 bread rations
 O - 42 fruits
 P - 4 meat rations


   Skills:
 + Level 0.5 Armour
 + Level 1.9 Dodging
 - Level 3.0 Stealth
 + Level 2.2 Spellcasting
 + Level 4.2 Conjurations


You had 3 spell levels left.
You knew the following spells:

 Your Spells              Type           Power        Failure   Level  Hunger
a - Magic Dart            Conj           ####         100%        1    None


Dungeon Overview and Level Annotations

Branches:
Dungeon (1/1)

Altars:
Ashenzari
Cheibriados
Dithmenos
Elyvilon
Fedhas
Gozag
Hepliaklqana
Kikubaaqudgha
Makhleb
Nemelex Xobeh
Okawaru
Qazlal
Ru
Sif Muna
Trog
Uskayaw
Vehumet
Xom
Yredelemnul
Zin
The Shining One
Beogh
Jiyva
Lugonu


Innate Abilities, Weirdness & Mutations

You cannot wear boots.
Your serpentine skin is tough. (AC +0)
You have supernaturally acute eyesight. (SInv)
Armour fits poorly on your strangely shaped body.
Your system is resistant to poisons. (rPois)
You cover ground very slowly.
You have a slow metabolism.
You can spit poison.


Message History

You block the purple ugly thing's attack.
GONNNNG!
You block the orc knight's attack.
PANG!
You hit the ogre mage.
The ogre mage, the orc knight and the purple ugly thing shudder.
The ogre mage is heavily wounded.
The orc knight is lightly wounded.
The purple ugly thing is moderately wounded.
The ogre mage is heavily wounded.
You block the ogre mage's attack.
BOUMMMMG!
The purple ugly thing bites you but does no damage.
You block the purple ugly thing's attack.
SHROANNG!
You block the ogre mage's attack.
SHROANNG!
The orc knight hits you from afar with a bardiche!
Ouch! That really hurt!
You die...

▓▓▓▓▓▓▓▓▓▓▓▓▓
▓.8©8.▓.8©8.▓
▓.=").▓.....▓
▓.....▓.)...▓
▓o....▓.....▓
▓.Ou..▓.....▓
▓.@...▓.....▓
▓.....▓▓▓▓▓▓▓
▓▓▓▓▓▓▓


You could see an orc knight, a purple ugly thing and an ogre mage.

Vanquished Creatures
  A bat zombie (D)
  A jackal zombie (D)
2 creatures vanquished.

Notes
Turn   | Place    | Note
-------+----------+-------------------------------------------
     0 | D        | Dfrag the Naga Conjurer began the quest for the Orb.
     0 | D        | Reached XP level 1. HP: 15/15 MP: 3/3
     0 | D        | Found a deep blue altar of Sif Muna.
     0 | D        | Found a bloodstained altar of Trog.
     0 | D        | Found a sacrificial altar of Ru.
     0 | D        | Found a stormy altar of Qazlal.
     0 | D        | Found an iron altar of Okawaru.
     4 | D        | Found a blossoming altar of Fedhas.
     5 | D        | Found a viscous altar of Jiyva.
     5 | D        | Found a hazy altar of Hepliaklqana.
     5 | D        | Found an opulent altar of Gozag.
     5 | D        | Found an ancient bone altar of Kikubaaqudgha.
     5 | D        | Found a corrupted altar of Lugonu.
    15 | D        | Found a burning altar of Makhleb.
    16 | D        | Found a sparkling altar of Nemelex Xobeh.
    79 | D        | Became a worshipper of Vehumet
   142 | D        | Entered arena 1.
   155 | D        | Got the ring "Vuehyts" {rCorr +Inv rElec MR++ Int-2}
   174 | D        | Entered arena 2.
   174 | D        | Noticed an orc knight
   174 | D        | Noticed an ogre mage
   174 | D        | Noticed a purple ugly thing
   179 | D        | Slain by an orc knight

Vault maps used:
D:        sprint_v

Action                   || total
-------------------------++-------
Melee: Shillelagh        ||    12
Armor: Plate armour      ||    12
Block: Shield            ||    28
